 Dungeon Crawl Stone Soup version 0.31-a0-365-gcf821cafb2 (webtiles) character file.

Game seed: 8186811653823490357

777 LeprechaunX the Ruffian (level 7, -7/48 HPs)
             Began as an Octopode Shapeshifter on July 27, 2023.
             Mangled by a wight
             ... wielding a +0 flail
              (9 damage)
             ... on level 6 of the Dungeon.
             The game lasted 00:05:17 (2294 turns).

LeprechaunX the Ruffian (Octopode Shapeshifter)     Turns: 2294, Time: 00:05:17

Health: -7/48      AC:  1    Str: 17    XL:     7   Next: 84%
Magic:  7/7        EV: 13    Int: 10    God:
Gold:   222        SH:  0    Dex: 12    Spells: 6/6 levels left

rFire   . .          .
                       - Unarmed
rCold   . . .        (no shield)
rNeg    . . .        (helmet currently unavailable)
rPois   .            (no amulet)
rElec   .            (no ring)
rCorr   .            (no ring)
SInv    .            (no ring)
Will    .....        (no ring)
Stlth   ++           (no ring)
HPRegen 0.28/turn    (no ring)
MPRegen 0.10/turn    (no ring)
                     (no ring)

%: no passive effects
@: beast-form
A: beast (slay +3), almost no armour, amphibious, 8 rings, camouflage 1,
gelatinous body 1, (nimble swimmer 1), tentacles
a: Begin Untransformation


You were on level 6 of the Dungeon.
You were a hulking beast.
You visited 1 branch of the dungeon, and saw 5 of its levels.
You also visited: Sewer.

You collected 222 gold pieces.

Inventory:

Hand Weapons
 l - the +1 dagger "Hydraslayer" {flame, rElec}
   (You found it on level 2 of the Dungeon)

   rElec:     It insulates you from electricity.
Missiles
 m - a throwing net
Talismans
 b - a beast talisman
Scrolls
 c - a scroll of poison {unknown}
 d - a scroll of amnesia {unknown}
 e - 7 scrolls of identify {unknown}
 g - 2 scrolls of revelation {unknown}
 i - 3 scrolls of fear {unknown}
 j - 3 scrolls of teleportation {unknown}
 n - a scroll of immolation {unknown}
 p - a scroll of enchant weapon {unknown}
 q - a scroll of enchant armour {unknown}
 r - 2 scrolls of fog {unknown}
Potions
 a - a potion of mutation {unknown}
 f - 2 potions of curing
 h - a potion of might {unknown}
 k - a potion of lignification
 o - a potion of attraction {unknown}


   Skills:
 + Level 4.2 Fighting
 - Level 2.0 Dodging
 * Level 6.7 Unarmed Combat
 + Level 4.5 Shapeshifting


You had 6 spell levels left.
You didn't know any spells.
Your spell library contained the following spells:

 Spells                   Type           Power      Damage    Failure   Level
 Dazzling Flash           Conj/Hex       0%         N/A       75%         3
 Stone Arrow              Conj/Erth      0%         3d7       75%         3
 Volatile Blastmotes      Fire/Tloc      0%         2d10      75%         3
 Starburst                Conj/Fire      0%         6d3       100%        6
 Lehudib's Crystal Spear  Conj/Erth      0%         10d2      100%        8
 Maxwell's Capacitive Co  Air            0%         ∞         100%        8
 Animate Armour           Summ/Erth      Unusable   N/A       N/A         4

Dungeon Overview and Level Annotations

Branches:
Dungeon (6/15)              Sewer (visited)
 Temple: D:4-7

Altars:
Kikubaaqudgha

Shops:
D:3 ((!(

Annotations:
D:6 Duvessa


Innate Abilities, Weirdness & Mutations

You are a hulking beast.
Your limbs bulge with bestial killing power. (Slay +3)
You cannot wear most types of armour.
You are amphibious.
You can wear up to eight rings at the same time.
Your skin changes colour to match your surroundings (Stealth+).
Your rubbery body absorbs attacks. (AC +1, EV +1)
((You are camouflaged when in or above water. (Stealth+)))
You have tentacles for arms and can constrict up to eight enemies at once.


Message History

A wight comes into view. It is wielding a +0 flail.
Duvessa and 4 wights come into view.
A wight is wielding a +1 short sword of freezing.
A wight is wielding a +5 dagger of freezing.
Found a stone staircase leading up.
There is a stone staircase leading up here.
You climb upwards.
The gnoll shouts! x2; The orc shouts!
The gnoll shouts!
The orc shouts! x2
The orc priest shouts!
You hear a bark!
Found a scale mail and 3 gold pieces.
Found a stone staircase leading down.
There is a stone staircase leading down here.
Unknown command.
You hear a shout!
A hound comes into view.
The orc priest hits you with a +0 club.
An ogre comes into view. It is wielding a +0 giant club.
You tentacle-slap the orc priest. Your grab misses the orc priest.
The orc priest is heavily wounded.
You bludgeon the orc priest!
You kill the orc priest!
The orc hits you with a +0 hand axe!
* * * LOW HITPOINT WARNING * * *
The orc closely misses you.
You climb downwards.
You hear the hiss of flowing sand.
There is an entrance to an ossuary on this level.
Hurry and find it before the portal is buried!
Level annotation: Duvessa The wight misses you.
There is a stone staircase leading up here.
You tentacle-slap the orc. You grab the orc.
The orc is heavily wounded.
You constrict the orc.
You kill the orc!
The wight hits you with a +0 flail!
* * * LOW HITPOINT WARNING * * *
Unknown command.
You tentacle-slap the wight. Your grab misses the wight.
Your squeeze misses the wight.
The wight is lightly damaged.
The wight hits you with a +0 flail!
You die... ...z.e. .z....< zz.....

....... ..z....
....[.. #####.......
#ho......... #
##z....#.... ###g
#..#### # #... ##.#
..# ####[# >#
############..†.#
.###............####
...))############
######


You could see a wight and an orc.

Vanquished Creatures
  Grinder (D:6)
  Sigmund (D:2)
  A bullfrog (D:6)
  A kobold brigand (D:6)
  A wight (D:6)
  2 orc priests
  2 orc wizards (D:3)
  A hell rat (Sewer)
  3 gnolls (D:2)
  An adder (D:3)
  A worm (D:3)
  A dart slug (D:2)
  3 orcs
  3 endoplasms (D:2)
  2 giant cockroaches (D:2)
  2 goblins
  3 hobgoblins
  3 jackals (D:2)
  8 kobolds
  5 quokkas
  6 ball pythons
  4 bats
  2 frilled lizards
  12 rats
69 creatures vanquished.

Notes
Turn   | Place    | Note
-------+----------+-------------------------------------------
     0 | D:1      | LeprechaunX the Octopode Shapeshifter began the quest for
                  | the Orb.
     0 | D:1      | Reached XP level 1. HP: 13/13 MP: 1/1
   191 | D:1      | Reached XP level 2. HP: 13/18 MP: 2/2
   628 | D:2      | Noticed Sigmund
   691 | D:2      | Found an ancient bone altar of Kikubaaqudgha.
   711 | D:2      | Found a faded altar of an unknown god.
   785 | D:2      | HP: 1/27 [something (6)]
   786 | D:2      | Killed Sigmund
   787 | D:2      | Reached skill level 4 in Unarmed Combat
   787 | D:2      | Reached XP level 3. HP: 2/25 MP: 3/3
   787 | D:2      | Reached XP level 4. HP: 2/30 MP: 4/4
   787 | D:2      | Reached XP level 5. HP: 3/35 MP: 5/5
  1105 | D:2      | Identified the +1 dagger "Hydraslayer" {flame, rElec}
  1258 | D:2      | Reached skill level 5 in Unarmed Combat
  1347 | D:2      | Reached XP level 6. HP: 32/41 MP: 6/6
  1423 | D:3      | Found Duonlup's Distillery.
  1423 | D:3      | Found Acwirauk's Weapon Emporium.
  1661 | D:3      | Found a glowing drain.
  1665 | Sewer    | Entered a sewer
  1782 | D:3      | Found Aguipypa's Antique Weapon Boutique.
  1970 | D:3      | Found Alefezol's Weapon Shop.
  2143 | D:3      | You fall into a shaft and drop 3 floors!
  2168 | D:6      | Noticed Grinder
  2168 | D:6      | Paralysed by Grinder for 5 turns
  2191 | D:6      | Killed Grinder
  2192 | D:6      | Reached skill level 6 in Unarmed Combat
  2192 | D:6      | Reached XP level 7. HP: 13/47 MP: 7/7
  2228 | D:6      | HP: 3/70 [poisoned by a kobold brigand]
  2229 | D:6      | HP: 1/70 [poisoned by a kobold brigand]
  2281 | D:6      | Noticed Duvessa
  2287 | D:5      | Entered Level 5 of the Dungeon
  2293 | D:6      | HP: 1/48 [wight/+0 flail (9)]
  2294 | D:6      | Mangled by a wight

Illustrated notes

Levels and vault maps discovered:
D:1:      dpeg_arrival_round_c, layout_basic
D:2:      layout_rooms, hellmonk_ecumenical_altar_crossroads, basic_altar,
          uniq_sigmund
D:3:      layout_loops_corners, serial_shops, nicolae_shop_behind_doors,
          nicolae_shop_window_shopping, nicolae_shop_waterfront,
          nicolae_shop_advertising_works [nicolae_subvault_shop_adworks], shop,
          gup_sewer_entry_bowl
D:5:      layout_gridville, mainiacjoe_overflow_six_doors_small,
          tso_oasis_becter, minmay_temple_entry_from_below_a, serial_undead,
          serial_undead_f, serial_undead_a, serial_undead_e, serial_undead_a,
          minmay_pentangle
D:6:      layout_rooms, nicolae_ossuary_entry_catacombs, uniq_duvessa,
          uniq_menkaure, uniq_grinder

Skill      XL: |  1  2  3  4  5  6  7 |
---------------+----------------------+-----
Fighting       | 2 3 4 |  4.2
Unarmed Combat | 4 5 6 |  6.7
Shapeshifting  | 4 |  4.5
Dodging        | |  2.0

Action                     |  1- 3 |  4- 6 |  7- 9 || total
---------------------------+-------+-------+-------++-------
  Melee: Unarmed           |    41 |    76 |    18 ||   135
         Constrict         |     9 |    18 |     3 ||    30
         Tentacles         |     3 |    16 |     4 ||    23
         Punch             |     3 |     4 |     1 ||     8
    Use: Potion            |     1 |       |     2 ||     3
   Stab: Sleeping          |     3 |    10 |       ||    13
 Armour: Skin              |     4 |     1 |     3 ||     8
  Dodge: Dodged            |    20 |    32 |     7 ||    59

Table legend: (Time is in decaauts)
 A = Elapsed time spent in this place.
 B = Non-inter-level travel time spent in this place.
 C = Inter-level travel time spent in this place.
 D = Time resting spent in this place.
 E = Time spent auto-exploring this place.
 F = Levels seen in this place.
 G = Mean time per level.
                   A        B        C        D        E       F      G
               +--------+--------+--------+--------+--------+-----+--------+
         Total |   2280 |   2110 |    170 |    214 |   1339 |   6 |  380.0 |
       Dungeon |   2219 |   2049 |    170 |    214 |   1315 |   5 |  443.8 |
         Sewer |     61 |     61 |      0 |      0 |     24 |   1 |   61.0 |
               +--------+--------+--------+--------+--------+-----+--------+

Top non-repeatable levels by time:
     D:2: 738 daAuts
     D:1: 679 daAuts
     D:3: 653 daAuts
     D:6: 143 daAuts
   Sewer: 61 daAuts
     D:5: 4 daAuts
